 Dungeon Crawl Stone Soup version 0.31-a0-155-gb63f529262 (webtiles) character file.

Game seed: 12934034966755055324

4099 Ijustatesigmund the Conjurer (level 10, 0/65 HPs)
             Began as an Octopode Venom Mage on June 12, 2023.
             Was an Initiate of Cheibriados.
             Slain by a yak (10 damage)
             ... on level 8 of the Dungeon.
             The game lasted 00:20:16 (10482 turns).

Ijustatesigmund the Conjurer (Octopode Venom Mage) Turns: 10482, Time: 00:20:17

Health: 0/65       AC:  1    Str:  8    XL:     10   Next: 26%
Magic:  1/17       EV: 13    Int: 23    God:    Cheibriados [......]
Gold:   398        SH: 11    Dex: 20    Spells: 3/19 levels left

rFire   . . .        d - +3 long sword
rCold   . . .        w - +0 buckler
rNeg    . . .        (helmet restricted)
rPois   .            f - amulet of reflection
rElec   .            j - +6 ring of dexterity
rCorr   .            (no ring)
SInv    .            (no ring)
Will    .....        (no ring)
Stlth   +++          (no ring)
HPRegen 0.30/turn    (no ring)
MPRegen 0.15/turn    (no ring)
                     (no ring)

%: reflection
@: very slow
A: almost no armour, amphibious, 8 rings, camouflage 1, gelatinous body 1,
(nimble swimmer 1), tentacles
a: Renounce Religion


You were on level 8 of the Dungeon.
You worshipped Cheibriados.
Cheibriados was noncommittal.
You visited 2 branches of the dungeon, and saw 9 of its levels.

You collected 398 gold pieces.

Inventory:

Hand Weapons
 b - a +3 morningstar
 d - a +3 long sword (weapon)
 u - a +0 war axe
Missiles
 o - 11 curare-tipped darts (quivered)
Armour
 w - a +0 buckler (worn)
Magical Staves
 q - a staff of conjuration
Jewellery
 f - an amulet of reflection (around mantle)
 j - a +6 ring of dexterity (left tentacle)
 k - a ring of fire
 A - an amulet of the acrobat
Wands
 i - a wand of flame (8)
 y - a wand of charming (11)
Scrolls
 e - a scroll of fear
 h - a scroll of amnesia
 n - 3 scrolls of immolation
 t - a scroll of magic mapping {unknown}
Potions
 a - 2 potions of magic
 c - 3 potions of lignification
 g - 6 potions of heal wounds
 l - a potion of resistance
 m - 5 potions of curing
 p - 3 potions of ambrosia
 r - a potion of cancellation
 s - 2 potions of attraction
 z - a potion of berserk rage


   Skills:
 + Level 4.3 Fighting
 - Level 2.0 Dodging
 - Level 2.6 Stealth
 - Level 6.2 Shields
 + Level 5.0 Spellcasting
 + Level 6.8 Conjurations
 + Level 5.3 Translocations
 - Level 1.0 Transmutations
 - Level 4.2 Air Magic
 - Level 6.5 Poison Magic
 + Level 2.1 Invocations


You had 3 spell levels left.
You knew the following spells:

 Your Spells              Type           Power      Damage    Failure   Level
a - Sting                 Tmut/Pois      92%        1d7       3%          1
b - Poisonous Vapours     Pois/Air       60%        N/A       2%          2
c - Mephitic Cloud        Conj/Pois/Air  32%        N/A       3%          3
d - Olgreb's Toxic Radia  Pois           36%        N/A       9%          4
e - Blink                 Tloc           60%        N/A       2%          2
f - Iskenderun's Mystic   Conj/Tloc      33%        2d8       11%         4

Your spell library contained the following spells:

 Spells                   Type           Power      Damage    Failure   Level
 Momentum Strike          Conj/Tloc      66%        3d9       1%          2
 Lesser Beckoning         Tloc           60%        N/A       2%          2
 Swiftness                Air            25%        N/A       8%          3
 Passwall                 Tmut/Erth      6%         N/A       17%         2
 Ensorcelled Hibernation  Hex/Ice        10%        N/A       21%         2
 Inner Flame              Hex/Fire       5%         N/A       38%         3
 Flame Wave               Conj/Fire      21%        2d8       34%         4
 Sticky Flame             Conj/Fire      21%        2d4       34%         4
 Fireball                 Conj/Fire      10%        3d6       67%         5
 Lee's Rapid Deconstruct  Erth           2%         3d5*      98%         5
 Leda's Unmaking          Conj/Erth      10%        9d3       99%         6


Dungeon Overview and Level Annotations

Branches:
Dungeon (8/15)             Temple (1/1) D:6
   Lair: D:8-11

Altars:
Ashenzari
Cheibriados
Dithmenos
Elyvilon
Fedhas
Hepliaklqana
Kikubaaqudgha
Nemelex Xobeh
Okawaru
Qazlal
Ru
Sif Muna
Trog
Uskayaw
Vehumet
Wu Jian
Xom
Yredelemnul
Zin

Shops:
D:5 :


Innate Abilities, Weirdness & Mutations

You cannot wear most types of armour.
You are amphibious.
You can wear up to eight rings at the same time.
Your skin changes colour to match your surroundings (Stealth+).
Your rubbery body absorbs attacks. (AC +1, EV +1)
((You are camouflaged when in or above water. (Stealth+)))
You have tentacles for arms and can constrict up to eight enemies at once.


Message History

The yak seems less confused.
You block the yak's attack.
The yak gores the yak!
The yak is killed!
Cheibriados appreciates the change of pace.
The yak gores you!
Unknown command.
Casting: Mephitic Cloud (dangerous; 3% risk of failure)
Confirm with . or Enter, or press ? or * to list all spells.
You erupt in a blast of force!
The mystic blast hits the yak!
The yak is severely wounded.
The yak is knocked back by the mystic blast.
The mystic blast hits the yak!
The yak is almost dead.
The yak is knocked back by the mystic blast.
The mystic blast hits the yak.
The yak is severely wounded.
The yak closely misses you.
You hit the yak. You squeeze the yak.
The yak is almost dead.
You kill the yak!
Cheibriados appreciates the change of pace.
Your Invocations skill increases to level 2!
Casting: Iskenderun's Mystic Blast (dangerous; 12% risk of failure)
Confirm with . or Enter, or press ? or * to list all spells.
You begin to radiate toxic energy.
The yak looks even sicker.
You kill the yak!
Cheibriados appreciates the change of pace.
Your Spellcasting skill increases to level 5!
The yak looks even sicker.
Your toxic aura wanes.
The yak seems less confused.
The yak barely misses you.
There is an open door, spattered with blood here.
You see here a yak corpse.
You hit the yak. You squeeze the yak, but do no damage.
The yak is almost dead.
The yak gores you!
* * * LOW HITPOINT WARNING * * *
You barely miss the yak.
The yak is almost dead.
The yak gores you!
You die...

## .. ##########
.#######....#...#
.#.......##.#.#.#
.#.########.#.#.#
............#.#.##+#####
.#.##########.#†#.......
................@Y......
...#..##......###..[....
.#.#........### .......
.#.#..#.###># .......
...)........# .......
..##...###### .......
..##.... .......
..##....# .......
..##...


You could see a yak (very poisoned).

Vanquished Creatures
  A troll (D:6)
  4 yaks (D:8)
  Edmund (D:6)
  2 black bears
  2 ogres
  A centaur (D:8)
  A phantom (D:3)
  3 kobold brigands (D:7)
  3 bullfrogs
  4 necrophages (D:4)
  4 scorpions
  A gnoll sergeant (D:6)
  13 wights (D:6)
  6 electric eels (D:6)
  3 howler monkeys
  2 hounds (D:6)
  A jelly (D:5)
  3 orc priests
  A sleepcap (D:6)
  2 iguanas
  6 orc wizards
  2 hound zombies (D:4)
  12 adders
  6 gnolls
  A shadow imp (D:8)
  A white imp (D:6)
  2 worms (D:4)
  3 dart slugs
  23 orcs
  2 bats
  9 endoplasms
  4 giant cockroaches
  7 goblins
  10 hobgoblins
  6 jackals
  23 kobolds
  3 quokkas
  7 ball pythons
  4 frilled lizards
  A rat (D:2)
190 creatures vanquished.

Notes
Turn   | Place    | Note
-------+----------+-------------------------------------------
     0 | D:1      | Ijustatesigmund the Octopode Venom Mage began the quest for
                  | the Orb.
     0 | D:1      | Reached XP level 1. HP: 11/11 MP: 3/3
    13 | D:1      | Reached XP level 2. HP: 18/18 MP: 1/5
    16 | D:1      | Learned a level 2 spell: Poisonous Vapours
   244 | D:1      | Reached skill level 1 in Fighting
   481 | D:1      | Reached XP level 3. HP: 15/23 MP: 1/6
   720 | D:1      | Found a faded altar of an unknown god.
  1416 | D:2      | Reached skill level 1 in Air Magic
  1771 | D:2      | Reached XP level 4. HP: 26/29 MP: 7/7
  1809 | D:2      | Learned a level 3 spell: Mephitic Cloud
  2344 | D:3      | Reached XP level 5. HP: 28/34 MP: 9/9
  2455 | D:3      | Reached skill level 1 in Conjurations
  2494 | D:3      | Noticed a phantom
  2511 | D:3      | Killed a phantom
  2967 | D:3      | Learned a level 4 spell: Olgreb's Toxic Radiance
  3043 | D:3      | Reached skill level 5 in Poison Magic
  3659 | D:4      | Reached XP level 6. HP: 39/39 MP: 8/10
  4197 | D:4      | Found a blossoming altar of Fedhas.
  4810 | D:4      | Reached XP level 7. HP: 39/44 MP: 12/12
  5089 | D:5      | Entered Level 5 of the Dungeon
  5154 | D:5      | Found Jiant's Self-Improvement Boutique.
  5319 | D:5      | Reached XP level 8. HP: 42/49 MP: 9/14
  5357 | D:5      | Found a hazy altar of Hepliaklqana.
  5882 | D:5      | Reached skill level 1 in Shields
  6437 | D:6      | Noticed Edmund
  6449 | D:6      | Killed Edmund
  6635 | D:6      | Found a staircase to the Ecumenical Temple.
  6647 | Temple   | Entered the Ecumenical Temple
  7061 | D:6      | Reached skill level 5 in Shields
  7332 | D:6      | Reached XP level 9. HP: 54/54 MP: 12/15
  7503 | D:6      | Got Luiduesu's Compilation of Dusty Arcane Weapons
  7507 | D:6      | Learned a level 2 spell: Blink
  7512 | D:6      | Learned a level 4 spell: Iskenderun's Mystic Blast
  7680 | D:6      | Reached skill level 1 in Translocations
  8274 | D:6      | Noticed a troll
  8283 | D:6      | Killed a troll
  8284 | D:6      | Reached skill level 5 in Conjurations
  9323 | D:7      | Found a sacrificial altar of Ru.
 10019 | D:7      | Found a snail-covered altar of Cheibriados.
 10025 | D:7      | Became a worshipper of Cheibriados the Contemplative
 10064 | D:7      | Reached XP level 10. HP: 63/63 MP: 12/16
 10359 | D:8      | Reached skill level 5 in Translocations
 10359 | D:8      | Reached skill level 1 in Invocations
 10475 | D:8      | Reached skill level 5 in Spellcasting
 10482 | D:8      | Slain by a yak

Illustrated notes

Levels and vault maps discovered:
D:1:      minmay_arrival_split_and_join, layout_rooms,
          hellmonk_ecumenical_altar_lost_god
D:2:      minmay_chambers_of_ones, layout_loops_ring
D:3:      layout_loops_corners
D:4:      layout_loops_ring, fedhas_altar_decomposition
D:5:      layout_loops_ring, mainiacjoe_overflow_tiny_flanked,
          nicolae_shop_self_help
D:6:      cheibrodos_two_vegetables, layout_loops_ring,
          minmay_temple_entry_offerings, uniq_edmund
D:7:      layout_gridville, kennysheep_little_box, kennysheep_slug_shrine
D:8:      layout_basic, mainiacjoe_overflow_alcove_2, tso_oasis_becter,
          enter_bailey_2, minmay_microvault
Temple:   hellmonk_temple_of_storms

Skill      XL: |  1  2  3  4  5  6  7  8  9 10 |
---------------+-------------------------------+-----
Fighting       | 1 3 4 |  4.3
Poison Magic   | 4 5 6 |  6.5
Air Magic      | 1 2 3 4 |  4.2
Conjurations   | 1 2 3 6 |  6.8
Spellcasting   | 3 4 5 |  5.0
Shields        | 6 |  6.2
Translocations | 4 5 |  5.3
Invocations    | 2 |  2.1
Dodging        | |  2.0
Stealth        | |  2.6
Transmutations | |  1.0

Action                     |  1- 3 |  4- 6 |  7- 9 | 10-12 || total
---------------------------+-------+-------+-------+-------++-------
  Melee: Unarmed           |    29 |       |       |       ||    29
         Tentacles         |    12 |    20 |    42 |     5 ||    79
         Constrict         |    13 |    21 |    41 |     2 ||    77
         Dagger            |    24 |    10 |    13 |       ||    47
         Short sword       |     9 |    72 |    87 |       ||   168
         Punch             |     1 |       |     3 |     1 ||     5
         Long sword        |       |       |    43 |    25 ||    68
  Throw: Dart              |       |     4 |     6 |     2 ||    12
   Cast: Sting             |    15 |       |       |       ||    15
         Poisonous Vapours |     9 |    27 |    31 |       ||    67
         Olgreb's Toxic Ra |       |     1 |    14 |     4 ||    19
         Mephitic Cloud    |       |       |     6 |     2 ||     8
         Iskenderun's Myst |       |       |     1 |     2 ||     3
  Evoke: Wand              |       |       |    12 |       ||    12
    Use: Scroll            |     4 |     6 |     7 |     3 ||    20
         Potion            |       |       |     2 |       ||     2
   Stab: Sleeping          |     3 |     8 |     6 |       ||    17
         Distracted        |     1 |     1 |     1 |       ||     3
         Confused          |       |       |     3 |     1 ||     4
         Invisible         |       |       |     4 |       ||     4
 Armour: Skin              |     5 |     4 |     3 |     1 ||    13
  Dodge: Dodged            |    36 |    31 |    47 |    13 ||   127
  Block: Other             |     4 |     9 |     5 |       ||    18
         Buckler           |       |       |    43 |    22 ||    65

Table legend: (Time is in decaauts)
 A = Elapsed time spent in this place.
 B = Non-inter-level travel time spent in this place.
 C = Inter-level travel time spent in this place.
 D = Time resting spent in this place.
 E = Time spent auto-exploring this place.
 F = Levels seen in this place.
 G = Mean time per level.
                   A        B        C        D        E       F      G
               +--------+--------+--------+--------+--------+-----+--------+
         Total |  10609 |  10350 |    259 |   3416 |   5630 |   9 | 1178.8 |
       Dungeon |  10568 |  10316 |    252 |   3416 |   5608 |   8 | 1321.0 |
        Temple |     40 |     33 |      7 |      0 |     22 |   1 |   40.0 |
               +--------+--------+--------+--------+--------+-----+--------+

Top non-repeatable levels by time:
     D:6: 2555 daAuts
     D:5: 1570 daAuts
     D:3: 1536 daAuts
     D:4: 1481 daAuts
     D:1: 1150 daAuts
     D:7: 1141 daAuts
     D:2: 943 daAuts
     D:8: 189 daAuts
  Temple: 40 daAuts
